 Dungeon Crawl Stone Soup version 0.29-a0-676-ga64570c9d2 (webtiles) character file.

Game seed: 100761475866269043

62713 DocClef the Blocker (level 15, 0/108 HPs)
             Began as a Gnoll Fighter on June 24, 2022.
             Was a High Priest of Hepliaklqana.
             Killed by divine providence
             ... invoked by an orc priest
              (11 damage)
             ... on level 2 of the Orcish Mines.
             The game lasted 00:43:02 (22409 turns).

DocClef the Blocker (Gnoll Fighter)                Turns: 22409, Time: 00:43:02

Health: 0/108      AC: 17    Str: 22    XL:     15   Next: 7%
Magic:  28/28      EV: 15    Int:  8    God:    Hepliaklqana [*****.]
Gold:   2051       SH:  7    Dex: 12    Spells: 28/33 levels left

rFire   . . .      SeeInvis +   W - +6 trident of Unioty {drain, +Blink rPois}
rCold   + . .      Faith    .   c - +0 buckler
rNeg    . . .      Spirit   .   f - +0 acid dragon scales
rPois   +          Reflect  .   e - +1 helmet
rElec   .          Harm     .   w - +0 cloak {rC+}
rCorr   +          Rampage  .   t - +0 pair of gloves
Will    ++...      Clarity  +   u - +0 pair of boots
Stlth   ++++......              d - amulet of regeneration
HPRegen 1.88/turn               p - ring of willpower
MPRegen 0.21/turn               y - ring of see invisible

@: no status effects
A: reduced essence, fangs 1, strong nose, distributed training, clarity,
regeneration 1, shaggy fur 1
a: Renounce Religion, Evoke Blink, Recall Ancestor, Ancestor Identity,
Transference, Idealise


You were on level 2 of the Orcish Mines.
You worshipped Hepliaklqana.
Hepliaklqana was extremely pleased with you.
You visited 4 branches of the dungeon, and saw 22 of its levels.
You also visited: Sewer and Ice Cave.

You collected 2051 gold pieces.

Inventory:

Hand Weapons
 N - a +4 scimitar of flaming
 W - the +6 trident of Unioty (weapon) {drain, +Blink rPois}
   (You found it on level 3 of the Lair of Beasts)

   A truly terrible weapon, it drains the life of any living foe it strikes.
   rPois:     It protects you from poison.
   +Blink:    It lets you blink.
Missiles
 j - 33 poisoned darts (quivered)
 C - 5 throwing nets
 Q - a curare-tipped dart
Armour
 b - +0 steam dragon scales
 c - a +0 buckler (worn)
 e - a +1 helmet (worn)
 f - +0 acid dragon scales (worn)
 t - a +0 pair of gloves (worn)
 u - a +0 pair of boots (worn)
 w - a +0 cloak of cold resistance (worn)
Jewellery
 d - an amulet of regeneration (around neck)
 p - a ring of willpower (left hand)
 y - a ring of see invisible (right hand)
 F - a ring of protection from fire
 K - a ring of magical power
 R - a ring of fire
 T - a ring of flight
Wands
 n - a wand of mindburst (7)
 E - a wand of iceblast (24)
 J - a wand of quicksilver (7)
 M - a wand of charming (4)
 P - a wand of flame (25)
Scrolls
 a - 6 scrolls of enchant armour
 h - 5 scrolls of teleportation
 i - 13 scrolls of identify
 l - 3 scrolls of magic mapping
 x - 5 scrolls of fog
 z - 4 scrolls of blinking
 H - 6 scrolls of fear
 X - 3 scrolls of poison
Potions
 g - 3 potions of might
 k - 5 potions of lignification
 m - 5 potions of mutation
 o - 5 potions of flight
 q - 4 potions of haste
 r - 9 potions of curing
 v - 3 potions of berserk rage
 A - 2 potions of resistance
 B - 4 potions of cancellation
 D - 3 potions of attraction
 G - a potion of brilliance
 U - a potion of invisibility
 V - a potion of magic {unknown}
Miscellaneous
 I - a tin of tremorstones (2/2)
 O - a phial of floods
 S - a tin of tremorstones (2/2)


   Skills:
 + Level 11.7 Fighting
 + Level 9.8 Short Blades
 + Level 9.8 Long Blades
 + Level 9.8 Axes
 + Level 10.8 Maces & Flails
 + Level 9.8 Polearms
 + Level 9.8 Staves
 + Level 9.8 Slings
 + Level 9.8 Bows
 + Level 9.8 Crossbows
 + Level 9.8 Throwing
 + Level 11.7 Armour
 + Level 9.8 Dodging
 + Level 9.8 Stealth
 + Level 11.7 Shields
 + Level 9.8 Unarmed Combat
 + Level 9.8 Spellcasting
 + Level 8.2 Conjurations
 + Level 8.2 Hexes
 + Level 8.2 Summonings
 + Level 8.2 Necromancy
 + Level 8.2 Translocations
 + Level 8.2 Transmutations
 + Level 8.2 Fire Magic
 + Level 8.2 Ice Magic
 + Level 8.2 Air Magic
 + Level 8.2 Earth Magic
 + Level 8.2 Poison Magic
 + Level 10.6 Invocations
 + Level 9.8 Evocations


You had 28 spell levels left.
You knew the following spells:

 Your Spells              Type           Power      Damage    Failure   Level
a - Poisonous Vapours     Pois/Air       34%        N/A       1%          2
b - Ignite Poison         Fire/Tmut/Pois 17%        N/A       2%          3

Your spell library contained the following spells:

 Spells                   Type           Power      Damage    Failure   Level
 Apportation              Tloc           34%        N/A       1%          1
 Sandblast                Erth           34%        2d9       1%          1
 Passwall                 Tmut/Erth      14%        N/A       1%          2
 Conjure Flame            Conj/Fire      17%        6-21      2%          3
 Gell's Gravitas          Tloc           17%        N/A       2%          3
 Inner Flame              Hex/Fire       17%        N/A       2%          3
 Stone Arrow              Conj/Erth      34%        3d9       2%          3
 Teleport Other           Tloc           17%        N/A       2%          3
 Animate Armour           Summ/Erth      34%        N/A       8%          4
 Cause Fear               Hex            8%         N/A       8%          4
 Corpse Rot               Necr/Pois/Air  17%        N/A       8%          4
 Fulminant Prism          Conj/Hex       8%         3d7       8%          4
 Iskenderun's Mystic Bla  Conj/Tloc      17%        2d5       8%          4
 Sticky Flame             Conj/Fire      17%        2d4       8%          4
 Alistair's Intoxication  Tmut/Pois      11%        N/A       22%         5
 Blade Hands              Tmut           8%         N/A       22%         5
 Iskenderun's Battlesphe  Conj           17%        2d7       22%         5
 Lee's Rapid Deconstruct  Erth           8%         3d8*      22%         5
 Dispersal                Tloc           8%         N/A       77%         6
 Iron Shot                Conj/Erth      8%         9d3       77%         6
 Starburst                Conj/Fire      8%         6d4       77%         6
 Spellforged Servitor     Conj/Summ      8%         N/A       100%        7
 Discord                  Hex            8%         N/A       100%        8


Dungeon Overview and Level Annotations

Branches:
Dungeon (13/15)            Temple (1/1) D:5            Lair (6/6) D:9
  Swamp (0/4) Lair:3        Snake (0/4) Lair:3        Slime (0/5) Lair:5
    Orc (2/2) D:9             Elf (0/3) Orc:2         Sewer (visited)
  IceCv (visited)
 Vaults: D:13-14

Altars:
Ashenzari
Cheibriados
Dithmenos
Elyvilon
Fedhas
Gozag
Hepliaklqana
Kikubaaqudgha
Makhleb
Nemelex Xobeh
Okawaru
Qazlal
Ru
Sif Muna
Trog
Uskayaw
Vehumet
Wu Jian
Xom
Yredelemnul
Zin
The Shining One
Beogh

Shops:
D:8 (   Orc:2 (*

Annotations:
Lair:6 3 runed translucent doors, DocClef's ghost, journeyman GnFi


Innate Abilities, Weirdness & Mutations

Your life essence is reduced to manifest your ancestor. (-10% HP)
You have very sharp teeth.
Your uncanny sense of smell can sniff out nearby items.
Your experience applies equally to all skills.
You possess an exceptional clarity of mind.
Your natural rate of healing is unusually fast.
You are covered in fur. (AC +1)


Message History

You hit Azrael.
Azrael is severely wounded.
Azrael barely misses you. The hell hound misses you.
The fire elemental misses you.
Unknown command.
Aiming: Mindburst
Press: ? - help, Shift-Dir - straight line, f - Azrael, p - fire elemental
Aim: Azrael, wielding a +2 scimitar of flaming (severely wounded, chance to affect: 79%) Azrael barely resists.
You block the hell hound's attack. Azrael completely misses you.
An orc priest comes into view. It is wielding a +0 hand axe.
The fire elemental hits you. The fire elemental burns you!
* * * LOW HITPOINT WARNING * * *
The hell hound bites you but does no damage.
Unknown command.
Aiming: Quicksilver Bolt
Press: ? - help, Shift-Dir - straight line, f/p - Azrael
Aim: Azrael, wielding a +2 scimitar of flaming (severely wounded, 91% to hit)
The bolt of dispelling energy hits Azrael!!
Azrael is almost dead.
The bolt of dispelling energy hits the orc warrior!
The orc warrior is heavily wounded.
The fire elemental hits you.
* * * LOW HITPOINT WARNING * * *
The fire elemental burns you!
* * * LOW HITPOINT WARNING * * *
You block Azrael's attack.
An orc comes into view. It is wielding a +0 dagger.
You block the hell hound's attack.
Aiming: Quicksilver Bolt
Press: ? - help, Shift-Dir - straight line, f/p - Azrael
Aim: Azrael, wielding a +2 scimitar of flaming (almost dead, 91% to hit)
The bolt of dispelling energy hits Azrael!!
You kill Azrael!
The fire elemental hits you. The fire elemental burns you!
* * * LOW HITPOINT WARNING * * *
You block the hell hound's attack.
The orc priest calls down the wrath of Beogh upon you.
Beogh smites you!
You die...

.#...# ###.#.#####.##.#.##.##
...... .#.......##...........#
...... ..........##..#......##
...... .........##..........##
...... .........##.#...........
...........##.........#..#.#'##.#
.........................#.#))#.#
....................#.#....#).#.#
...............h@..........#..#.#
...#...........E)o.......#.#.8#.#
..#........................####.#
................#'###...........#
.....).........# o. ##..........#
).......○.....# o.. ##..........
)............. .o. #..........
.............. .8.o #..........
.............. #......#...


You could see a fire elemental, 2 orc warriors, a hell hound, an orc priest, an
orc wizard and an orc.

Vanquished Creatures
  Frances (D:13)
  Azrael (Orc:2)
  3 hydras
  2 centaur warriors
  Erica (D:10)
  A two-headed ogre (D:13)
  3 death yaks
  An orc high priest (Orc:1)
  A goliath frog (Lair:6)
  Pikel (D:5)
  2 bog bodies (IceCv)
  A lindwurm (Lair:6)
  2 ugly things (D:12)
  An orc sorcerer (Orc:2)
  A cyclops (Orc:2)
  2 ice statues
  3 elephants (Lair:5)
  A black mamba (Lair:6)
  11 cane toads
  A gargoyle (D:13)
  Maggie (D:7)
  A kobold demonologist (D:10)
  4 komodo dragons
  2 rime drakes
  An ice devil (IceCv)
  2 trolls
  3 polar bears
  Prince Ribbit (D:7)
  2 slime creatures (D:13)
  8 blink frogs
  28 yaks
  3 wyverns
  A dire elephant simulacrum (IceCv)
  2 wraiths
  3 basilisks
  A fire elemental (Orc:2)
  A death yak simulacrum (IceCv)
  A steam dragon (Lair:5)
  9 vampire mosquitoes
  A naga (Lair:3)
  A harpy simulacrum (IceCv)
  Edmund (D:5)
  2 acid dragons
  9 water moccasins
  13 orc warriors
  3 sky beasts
  An ice beast (D:7)
  5 ogres
  20 wolves
  9 centaurs
  4 lemures (D:6)
  2 kobold brigands
  Blork the orc (D:5)
  11 bullfrogs
  3 two-headed ogre simulacra (IceCv)
  4 gnoll sergeants
  A cane toad simulacrum (IceCv)
  3 necrophages (D:6)
  4 scorpions
  7 wights
  A water moccasin zombie (D:4)
  7 killer bees
  2 howler monkeys (D:9)
  4 crimson imps (D:7)
  A centaur zombie (D:4)
  A human zombie (D:4)
  3 iron imps (D:5)
  3 jellies
  6 orc priests
  5 hounds
  Crazy Yiuf (D:3)
  Jessica (D:3)
  A gnoll shaman (D:6)
  3 hell rats (Lair:6)
  An iguana (D:4)
  15 orc wizards
  A polar bear simulacrum (IceCv)
  4 troll simulacra (IceCv)
  Terence (D:3)
  A scorpion zombie (D:4)
  6 spriggan simulacra (IceCv)
  2 hound zombies (D:4)
  A mummy (D:4)
  Robin (D:2)
  35 gnolls
  10 river rats
  19 adders
  3 naga simulacra (IceCv)
  5 white imps
  2 ufetubi (IceCv)
  An adder zombie (D:4)
  2 worms
  3 dart slugs (D:1)
  48 orcs
  6 endoplasms
  6 giant cockroaches
  14 goblins
  11 hobgoblins
  6 jackals (D:1)
  9 quokkas
  14 ball pythons
  4 bats
  8 frilled lizards
  10 kobolds
  25 rats
532 creatures vanquished.

Vanquished Creatures (collateral kills)
  Nessos (Lair:5)
  Josephine (Lair:5)
  2 hydras
  A boulder beetle (D:11)
  The ghost of DocClef the Blocker, a novice GnFi of Okawaru (D:8)
  2 two-headed ogres
  A goliath frog (Lair:6)
  An oklob plant (Lair:3)
  2 ugly things (D:12)
  A cyclops (D:13)
  2 elephants (Lair:5)
  A black mamba (Lair:4)
  Maurice (D:8)
  6 cane toads
  An unseen horror (D:11)
  A rime drake (D:11)
  An efreet (D:13)
  A freezing wraith (IceCv)
  A komodo dragon (Lair:2)
  3 tyrant leeches (Lair:6)
  7 blink frogs
  5 slime creatures
  12 yaks
  4 wraiths
  A basilisk (Lair:6)
  3 death yak simulacra (IceCv)
  9 vampire mosquitoes
  A naga (Lair:3)
  8 water moccasins
  A hell hound (Orc:2)
  8 orc warriors
  A sky beast (D:8)
  3 ogres
  10 wolves
  5 centaurs
  A kobold brigand (D:8)
  5 bullfrogs
  A wight (D:8)
  2 elephant simulacra (IceCv)
  2 killer bees
  4 electric eels
  A howler monkey (D:9)
  3 orc priests
  A jelly (D:7)
  7 orc wizards
  3 hell rats (Lair:6)
  A polar bear simulacrum (IceCv)
  2 wolf simulacra (IceCv)
  3 troll simulacra (IceCv)
  3 spriggan simulacra (IceCv)
  2 gnolls
  3 naga simulacra (IceCv)
  2 white imps (IceCv)
  21 orcs
  A goblin (D:13)
  5 kobolds (D:8)
  A butterfly (Lair:5)
183 creatures vanquished.

Vanquished Creatures (others)
  A wizard (D:5)
  2 ancestors
  12 battlemagi
  35 fungi
  58 plants
108 creatures vanquished.

Grand Total: 823 creatures vanquished

Notes
Turn   | Place    | Note
-------+----------+-------------------------------------------
     0 | D:1      | DocClef the Gnoll Fighter began the quest for the Orb.
     0 | D:1      | Reached XP level 1. HP: 23/23 MP: 1/1
   189 | D:1      | Reached XP level 2. HP: 29/29 MP: 2/2
   684 | D:1      | Reached XP level 3. HP: 35/35 MP: 3/3
   757 | D:1      | Reached skill level 1 in Invocations
  1105 | D:2      | Found a bloodstained altar of Trog.
  1178 | D:2      | Reached skill level 1 in Short Blades
  1178 | D:2      | Reached skill level 1 in Long Blades
  1178 | D:2      | Reached skill level 1 in Axes
  1178 | D:2      | Reached skill level 1 in Polearms
  1178 | D:2      | Reached skill level 1 in Staves
  1178 | D:2      | Reached skill level 1 in Slings
  1178 | D:2      | Reached skill level 1 in Bows
  1178 | D:2      | Reached skill level 1 in Crossbows
  1178 | D:2      | Reached skill level 1 in Throwing
  1178 | D:2      | Reached skill level 1 in Dodging
  1178 | D:2      | Reached skill level 1 in Stealth
  1178 | D:2      | Reached skill level 1 in Unarmed Combat
  1178 | D:2      | Reached skill level 1 in Spellcasting
  1178 | D:2      | Reached skill level 1 in Evocations
  1178 | D:2      | Reached XP level 4. HP: 21/41 MP: 5/5
  1519 | D:2      | Noticed Robin
  1557 | D:2      | HP: 1/41 [goblin/+0 dagger[Robin] (3)]
  1570 | D:2      | Killed Robin
  1571 | D:2      | Reached skill level 1 in Conjurations
  1571 | D:2      | Reached skill level 1 in Hexes
  1571 | D:2      | Reached skill level 1 in Summonings
  1571 | D:2      | Reached skill level 1 in Necromancy
  1571 | D:2      | Reached skill level 1 in Translocations
  1571 | D:2      | Reached skill level 1 in Transmutations
  1571 | D:2      | Reached skill level 1 in Fire Magic
  1571 | D:2      | Reached skill level 1 in Ice Magic
  1571 | D:2      | Reached skill level 1 in Air Magic
  1571 | D:2      | Reached skill level 1 in Earth Magic
  1571 | D:2      | Reached skill level 1 in Poison Magic
  2286 | D:3      | Noticed Terence
  2294 | D:3      | Killed Terence
  2295 | D:3      | Reached XP level 5. HP: 46/47 MP: 5/7
  2632 | D:3      | Found a radiant altar of Vehumet.
  2730 | D:3      | Noticed Jessica
  2737 | D:3      | Killed Jessica
  2951 | D:3      | Found a faded altar of an unknown god.
  3189 | D:3      | Found a runed translucent door.
  3190 | D:3      | Noticed Crazy Yiuf
  3433 | D:3      | Killed Crazy Yiuf
  3434 | D:3      | Reached XP level 6. HP: 40/53 MP: 8/8
  3597 | D:4      | Found an ancient bone altar of Kikubaaqudgha.
  3641 | D:4      | Reached skill level 5 in Maces & Flails
  4105 | D:4      | Found a glowing drain.
  4110 | Sewer    | Entered a sewer
  4133 | Sewer    | Reached XP level 7. HP: 43/59 MP: 10/10
  5055 | D:4      | Reached XP level 8. HP: 63/67 MP: 12/12
  5078 | D:4      | Found a basalt altar of Yredelemnul.
  5774 | D:5      | Entered Level 5 of the Dungeon
  5781 | D:5      | Gained mutation: You are covered in fur. (AC +1) [potion of
                  | mutation]
  5781 | D:5      | Gained mutation: You possess an exceptional clarity of
                  | mind. [potion of mutation]
  5781 | D:5      | Gained mutation: Your natural rate of healing is unusually
                  | fast. [potion of mutation]
  5882 | D:5      | Found a staircase to the Ecumenical Temple.
  5922 | Temple   | Entered the Ecumenical Temple
  6148 | D:5      | Found a burning altar of Makhleb.
  6238 | D:5      | Noticed Blork the orc
  6242 | D:5      | Killed Blork the orc
  6255 | D:5      | Noticed Pikel
  6358 | D:6      | Found a white marble altar of Elyvilon.
  6486 | D:6      | Reached XP level 9. HP: 73/73 MP: 14/14
  7309 | D:5      | Killed Pikel
  7310 | D:5      | Reached skill level 5 in Invocations
  7384 | Temple   | Became a worshipper of Hepliaklqana the Forgotten
  7628 | D:5      | Noticed Edmund
  7645 | D:5      | Killed Edmund
  7749 | D:5      | Found a bloodstained altar of Trog.
  7752 | D:5      | Noticed a wizard
  7757 | D:5      | Killed a wizard
  8172 | D:6      | Reached XP level 10. HP: 80/80 MP: 17/17
  8558 | D:7      | Reached skill level 5 in Short Blades
  8558 | D:7      | Reached skill level 5 in Long Blades
  8558 | D:7      | Reached skill level 5 in Axes
  8558 | D:7      | Reached skill level 5 in Polearms
  8558 | D:7      | Reached skill level 5 in Staves
  8558 | D:7      | Reached skill level 5 in Slings
  8558 | D:7      | Reached skill level 5 in Bows
  8558 | D:7      | Reached skill level 5 in Crossbows
  8558 | D:7      | Reached skill level 5 in Throwing
  8558 | D:7      | Reached skill level 5 in Dodging
  8558 | D:7      | Reached skill level 5 in Stealth
  8558 | D:7      | Reached skill level 5 in Unarmed Combat
  8558 | D:7      | Reached skill level 5 in Spellcasting
  8558 | D:7      | Reached skill level 5 in Evocations
  8594 | D:7      | Found a sparkling altar of Nemelex Xobeh.
  8815 | D:7      | Noticed Maggie
  8844 | D:7      | Killed Maggie
  8942 | D:7      | Reached * piety under Hepliaklqana
  8991 | D:7      | You fall into a shaft and drop 3 floors!
  8991 | D:10     | Entered Level 10 of the Dungeon
  9295 | D:10     | Noticed a kobold demonologist
  9303 | D:10     | Killed a kobold demonologist
  9580 | D:10     | Found an opulent altar of Gozag.
  9651 | D:10     | Reached ** piety under Hepliaklqana
  9652 | D:10     | Remembered your ancestor Paser as a battlemage
  9658 | D:10     | Noticed Erica
  9665 | D:10     | Killed Erica
  9666 | D:10     | Reached XP level 11. HP: 78/78 MP: 19/19
  9826 | D:9      | Found a staircase to the Orcish Mines.
  9847 | D:9      | Found a staircase to the Lair.
  9952 | D:9      | Reached skill level 5 in Conjurations
  9952 | D:9      | Reached skill level 5 in Hexes
  9952 | D:9      | Reached skill level 5 in Summonings
  9952 | D:9      | Reached skill level 5 in Necromancy
  9952 | D:9      | Reached skill level 5 in Translocations
  9952 | D:9      | Reached skill level 5 in Transmutations
  9952 | D:9      | Reached skill level 5 in Fire Magic
  9952 | D:9      | Reached skill level 5 in Ice Magic
  9952 | D:9      | Reached skill level 5 in Air Magic
  9952 | D:9      | Reached skill level 5 in Earth Magic
  9952 | D:9      | Reached skill level 5 in Poison Magic
 10246 | D:8      | Noticed a two-headed ogre
 10246 | D:8      | Found Zitita's Weapon Shoppe.
 10249 | D:8      | Killed a two-headed ogre
 10468 | D:8      | Noticed Maurice
 10475 | D:8      | Killed Maurice
 10496 | D:8      | Reached *** piety under Hepliaklqana
 10516 | D:8      | Found a transporter.
 10519 | D:8      | Found a transporter.
 10520 | D:8      | Noticed DocClef's ghost (novice GnFi)
 10812 | D:7      | Found a shimmering altar of Xom.
 10938 | D:7      | Found a large runed translucent door.
 10938 | D:7      | Noticed Prince Ribbit
 10941 | D:7      | Found a large runed translucent door.
 10955 | D:7      | Killed Prince Ribbit
 11238 | D:7      | Found an iron altar of Okawaru.
 11245 | D:7      | Found a stormy altar of Qazlal.
 11390 | Lair:1   | Entered Level 1 of the Lair of Beasts
 11814 | Lair:1   | Reached **** piety under Hepliaklqana
 12358 | Lair:2   | Noticed an eight-headed hydra
 12499 | Lair:2   | Killed a two-headed hydra
 12595 | Lair:2   | Reached XP level 12. HP: 59/86 MP: 22/22
 13309 | Lair:3   | Reached ***** piety under Hepliaklqana
 13378 | Lair:3   | Identified the +6 trident of Unioty {drain, +Blink rPois}
 13918 | Lair:3   | Found a staircase to the Swamp.
 13935 | Lair:3   | Found a staircase to the Snake Pit.
 14511 | Lair:4   | You fall into a shaft and drop 1 floor!
 14519 | Lair:5   | Reached skill level 10 in Fighting
 14519 | Lair:5   | Reached skill level 10 in Armour
 14519 | Lair:5   | Reached skill level 10 in Shields
 15113 | Lair:5   | Reached XP level 13. HP: 70/92 MP: 24/24
 15194 | Lair:5   | Found a staircase to the Slime Pits.
 15377 | Lair:5   | Reached ****** piety under Hepliaklqana
 15896 | Lair:6   | Entered Level 6 of the Lair of Beasts
 16030 | Lair:6   | Noticed Josephine
 16155 | D:8      | Learned a level 2 spell: Poisonous Vapours
 16159 | D:8      | Learned a level 3 spell: Ignite Poison
 16164 | D:8      | Killed DocClef's ghost
 16697 | D:11     | Found a frozen archway.
 16710 | IceCv    | Entered an ice cave
 18493 | D:12     | Reached skill level 10 in Maces & Flails
 18510 | D:12     | Got Lywosogi's Grimoire of Toxins and Confrontation
 18594 | D:12     | Reached XP level 14. HP: 99/101 MP: 26/26
 19187 | D:13     | Noticed Frances
 19231 | D:13     | Killed Frances
 19700 | Lair:5   | Killed Josephine
 19701 | Lair:5   | Reached skill level 10 in Invocations
 20182 | Lair:6   | Noticed Nessos
 20195 | Lair:6   | HP: 4/101 [Nessos/arrow (3)]
 20265 | Lair:5   | Killed Nessos
 20353 | Lair:6   | Noticed DocClef's ghost (journeyman GnFi)
 20654 | Lair:6   | Found a runed translucent gate.
 20654 | Lair:6   | Found a runed translucent gate.
 20654 | Lair:6   | Found a runed translucent gate.
 21212 | Orc:1    | Entered Level 1 of the Orcish Mines
 21667 | Orc:2    | Entered Level 2 of the Orcish Mines
 21765 | Orc:2    | Reached XP level 15. HP: 108/108 MP: 28/28
 21908 | Orc:2    | Found a staircase to the Elven Halls.
 22026 | Orc:2    | Found Ykigoad's Antique Weapon Boutique.
 22320 | Orc:2    | Found Guoll's General Store.
 22393 | Orc:2    | Noticed Azrael
 22409 | Orc:2    | Killed Azrael
 22409 | Orc:2    | Killed from afar by an orc priest

Illustrated notes

Levels and vault maps discovered:
D:1:      mrwooster_arrival_statue_2, layout_basic, minmay_pentomino_r4
D:2:      layout_basic, basic_altar, kennysheep_cluttered_room,
          minmay_misc_feat_ornament, uniq_robin
D:3:      layout_basic, mainiacjoe_overflow_six_doors_small,
          basic_ecumenical_altar, grunt_decor_one_mirror,
          corexii_item_surrounded_by_moat, nrook_mini_backslash,
          uniq_crazy_yiuf_cottage, uniq_terence, uniq_jessica
D:4:      kennysheep_six_static_rooms, layout_cave_pools,
          lemuel_mausoleum_altar_yredelemnul, nicolae_overflow_hidden_temple,
          gup_sewer_entry_spiral, minmay_starry_boxes
D:5:      layout_basic, trog_wizard, demons_altar, minmay_temple_entry_hall,
          minmay_misc_feat_doors, uniq_pikel, uniq_edmund, uniq_blork_the_orc
D:6:      minmay_skewed_foursquare, layout_layer_cave,
          mainiacjoe_overflow_paths, minmay_parallelograms, st_stairs_12
D:7:      layout_basic, led_xom_imps, mainiacjoe_overflow_concentric_impassable,
          jmf_multi_god_temple2, serial_aquarium, aquarium_bridge_square
          [aquarium_subvault_window, aquarium_subvault_bridge,
          aquarium_subvault_balcony, aquarium_subvault_bridge],
          aquarium_window_1, aquarium_window_fake, aquarium_window_corridor_1,
          aquarium_view_2d, aquarium_pool_five, uniq_prince_ribbit1, uniq_maggie
D:8:      layout_cave_pools, serial_shops, nicolae_stop_n_shop_1,
          gammafunk_ghost_smash, uniq_maurice
D:9:      layout_long_grid, lair_entry_dummy, orc_0_dummy,
          kennysheep_generic_room_15
D:10:     layout_long_grid, kennysheep_mini, uniq_erica
D:11:     layout_cave_pods, portal_ice_cave_rime
D:12:     layout_small_grid, kennysheep_generic_room_4
D:13:     layout_long_grid, grunt_vaults_entry_fortified, corexii_checkpoint_a,
          uniq_frances
Temple:   chequers_temple_sunken
Lair:1:   statuecave_lemuel, layout_misc_corridors
Lair:2:   layout_regular_city
Lair:3:   layout_layer_cave, swamp_mist_pool, guppyfry_snake_entry_garden
Lair:4:   layout_loops_ring
Lair:5:   layout_hall_layers, slime_entry_1, chequers_serial_rivers_large_b,
          beast_lair_carwin_8, lemuel_fruit_fields
Lair:6:   minmay_lair_end_frog_pond, layout_loops_ring, gammafunk_ghost_icy,
          nicolae_lair_lindhole, uniq_josephine, uniq_nessos
Orc:1:    layout_caves
Orc:2:    grunt_orc_community_town_hall, layout_caves,
          grunt_orc_community_big_house_2, grunt_orc_community_big_house_1,
          grunt_orc_community_house_1, grunt_orc_community_house_1,
          grunt_orc_community_house_2, grunt_orc_community_house_2,
          grunt_orc_community_house_3, serial_shops, shop, uniq_azrael

Skill      XL: |  1  2  3  4  5  6  7  8  9 10 11 12 13 14 |
---------------+-------------------------------------------+-----
Invocations    | 1 2 3 4 5 6 7 8 9 10 | 10.6
Short Blades   | 1 2 3 4 5 6 7 8 9 |  9.8
Long Blades    | 1 2 3 4 5 6 7 8 9 |  9.8
Axes           | 1 2 3 4 5 6 7 8 9 |  9.8
Polearms       | 1 2 3 4 5 6 7 8 9 |  9.8
Staves         | 1 2 3 4 5 6 7 8 9 |  9.8
Slings         | 1 2 3 4 5 6 7 8 9 |  9.8
Bows           | 1 2 3 4 5 6 7 8 9 |  9.8
Crossbows      | 1 2 3 4 5 6 7 8 9 |  9.8
Throwing       | 1 2 3 4 5 6 7 8 9 |  9.8
Dodging        | 1 2 3 4 5 6 7 8 9 |  9.8
Stealth        | 1 2 3 4 5 6 7 8 9 |  9.8
Unarmed Combat | 1 2 3 4 5 6 7 8 9 |  9.8
Spellcasting   | 1 2 3 4 5 6 7 8 9 |  9.8
Evocations     | 1 2 3 4 5 6 7 8 9 |  9.8
Conjurations   | 1 2 3 4 5 6 7 8 |  8.2
Hexes          | 1 2 3 4 5 6 7 8 |  8.2
Summonings     | 1 2 3 4 5 6 7 8 |  8.2
Necromancy     | 1 2 3 4 5 6 7 8 |  8.2
Translocations | 1 2 3 4 5 6 7 8 |  8.2
Transmutations | 1 2 3 4 5 6 7 8 |  8.2
Fire Magic     | 1 2 3 4 5 6 7 8 |  8.2
Ice Magic      | 1 2 3 4 5 6 7 8 |  8.2
Air Magic      | 1 2 3 4 5 6 7 8 |  8.2
Earth Magic    | 1 2 3 4 5 6 7 8 |  8.2
Poison Magic   | 1 2 3 4 5 6 7 8 |  8.2
Maces & Flails | 5 6 7 8 9 10 | 10.8
Fighting       | 7 8 9 10 11 | 11.7
Armour         | 7 8 9 10 11 | 11.7
Shields        | 7 8 9 10 11 | 11.7

Action                   |  1- 3 |  4- 6 |  7- 9 | 10-12 | 13-15 || total
-------------------------+-------+-------+-------+-------+-------++-------
Melee: Flail             |   122 |    53 |       |       |       ||   175
       Bite              |    12 |    19 |    63 |    85 |    98 ||   277
       Club              |       |   164 |   415 |       |       ||   579
       Whip              |       |       |    49 |   216 |       ||   265
       Morningstar       |       |       |       |   319 |       ||   319
       Scimitar          |       |       |       |     7 |       ||     7
       Trident           |       |       |       |   121 |   783 ||   904
Throw: Dart              |       |       |       |       |    17 ||    17
 Cast: Poisonous Vapours |       |       |       |       |     2 ||     2
Invok: Recall Ancestor   |       |       |       |     3 |     2 ||     5
       Ancestor Life: Ba |       |       |       |     1 |       ||     1
       Transference      |       |       |       |       |     2 ||     2
Evoke: Wand              |       |       |       |     1 |     3 ||     4
       Tin of tremorston |       |       |       |       |     2 ||     2
       Phial of floods   |       |       |       |       |     1 ||     1
  Use: Potion            |       |     4 |     1 |     4 |     8 ||    17
       Scroll            |       |     9 |     5 |       |    10 ||    24
 Stab: Distracted        |       |     1 |     5 |     8 |    18 ||    32
       Invisible         |       |     1 |       |       |       ||     1
       Sleeping          |       |       |       |     8 |    15 ||    23
Armor: Scale mail        |    88 |    57 |       |       |       ||   145
       Chain mail        |       |    91 |   322 |    70 |       ||   483
       Steam dragon scal |       |       |       |    52 |       ||    52
       Acid dragon scale |       |       |       |   199 |   281 ||   480
Dodge: Dodged            |    92 |    72 |   189 |   439 |   372 ||  1164
Block: Buckler           |    55 |    60 |   130 |   235 |   217 ||   697

Table legend: (Time is in decaauts)
 A = Elapsed time spent in this place.
 B = Non-inter-level travel time spent in this place.
 C = Inter-level travel time spent in this place.
 D = Time resting spent in this place.
 E = Time spent auto-exploring this place.
 F = Levels seen in this place.
 G = Mean time per level.
                   A        B        C        D        E       F      G
               +--------+--------+--------+--------+--------+-----+--------+
         Total |  22568 |  21081 |   1487 |   1014 |  15016 |  24 |  940.3 |
       Dungeon |  13306 |  12443 |    863 |    302 |   9267 |  13 | 1023.5 |
        Temple |    282 |    249 |     33 |      0 |    204 |   1 |  282.0 |
          Lair |   6310 |   5735 |    575 |    363 |   4024 |   6 | 1051.7 |
  Orcish Mines |   1171 |   1155 |     16 |      0 |    907 |   2 |  585.5 |
         Sewer |    596 |    596 |      0 |    215 |    194 |   1 |  596.0 |
      Ice Cave |    901 |    901 |      0 |    134 |    420 |   1 |  901.0 |
               +--------+--------+--------+--------+--------+-----+--------+

Top non-repeatable levels by time:
     D:4: 1681 daAuts
     D:6: 1491 daAuts
     D:3: 1379 daAuts
  Lair:3: 1359 daAuts
  Lair:5: 1250 daAuts
  Lair:6: 1206 daAuts
     D:7: 1172 daAuts
     D:2: 1139 daAuts
     D:1: 1124 daAuts
  Lair:1: 934 daAuts
   IceCv: 901 daAuts
    D:10: 900 daAuts
  Lair:2: 875 daAuts
     D:9: 863 daAuts
     D:5: 825 daAuts
